 Dungeon Crawl Stone Soup version 0.23.0 (webtiles) character file.

Game seed: 2875994648879549996

65 night the Insei (level 3, -4/29 HPs)
             Began as a Demonspawn Monk on Feb 10, 2019.
             Slain by a worker ant (7 damage)
             ... on level 2 of the Dungeon.
             The game lasted 00:03:14 (2326 turns).

night the Insei (Demonspawn Monk)                   Turns: 2326, Time: 00:03:15

Health: -4/29      AC:  2    Str: 12    XL:     3   Next: 94%
Magic:  3/3        EV: 13    Int: 11    God:
Gold:   81         SH:  0    Dex: 15    Spells: 2/2 levels left

rFire    . . .     SeeInvis .     - Unarmed
rCold    . . .     Gourm    .   (no shield)
rNeg     . . .     Faith    .   a - +0 robe
rPois    .         Spirit   .   (helmet restricted)
rElec    .         Reflect  .   (no cloak)
rCorr    .         Harm     .   (no gloves)
MR       .....                  (no boots)
Stlth    ++........             (no amulet)
HPRegen  0.09/turn              (no ring)
MPRegen  0.08/turn              (no ring)

@: lethally poisoned (-4 -> -13)
A: antennae 1, powered by pain 1
a: no special abilities


You were on level 2 of the Dungeon.
You were hungry.

You visited 1 branch of the dungeon, and saw 2 of its levels.

You collected 81 gold pieces.

Inventory:

Missiles
 c - 7 bolts
 f - 18 poisoned needles
 h - 91 stones (quivered)
 n - 6 arrows
Armour
 a - a +0 robe (worn)
Scrolls
 e - 2 scrolls of magic mapping {unknown}
 g - a scroll of enchant weapon {unknown}
 j - a scroll of immolation {unknown}
 l - 3 scrolls of remove curse {unknown}
 p - a scroll of identify {unknown}
 q - a scroll of teleportation {unknown}
Potions
 d - a potion of degeneration {unknown}
 i - a potion of heal wounds {unknown}
 k - a potion of resistance {unknown}
 o - 2 potions of agility {unknown}
Comestibles
 b - 4 rations
 m - 6 chunks of flesh


   Skills:
 - Level 3.0 Fighting
 - Level 2.6 Dodging
 - Level 1.7 Stealth
 + Level 4.4 Unarmed Combat


You had 2 spell levels left.
You didn't know any spells.
Your spell library was empty.

Dungeon Overview and Level Annotations

Branches:
Dungeon (2/15)

Altars:


Innate Abilities, Weirdness & Mutations

You have a pair of small antennae on your head.
You sometimes gain a little power by taking damage.


Message History

You hit the worker ant but do no damage.
The worker ant is heavily wounded.
The worker ant closely misses you.
You closely miss the worker ant.
The worker ant is heavily wounded.
You feel sick. The worker ant bites you.
You are lethally poisoned!
The worker ant poisons you!
You are too injured to fight recklessly!
You are too injured to fight recklessly!
You are too injured to fight recklessly!
You feel sick.
You hit the worker ant but do no damage.
The worker ant is heavily wounded.
You feel sick. The worker ant bites you.
* * * LOW HITPOINT WARNING * * *
You hit the worker ant but do no damage.
The worker ant is heavily wounded.
The worker ant bites you!
You die...

#.##+## .#...##
##.(...## ##.......##
#.........# .##.##
+.........+ ......
#.........# .##.##
#...a...# ##..@..##
##...## ####'##
.#######....#
............##########
########....#.........
##.....#######.
#.....# ##....#


You could see a worker ant.

Vanquished Creatures
  An adder (D:2)
  2 worms (D:2)
  A dart slug (D:1)
  A leopard gecko (D:1)
  5 giant cockroaches (D:1)
  6 goblins
  4 hobgoblins
  4 jackals
  6 kobolds
  7 bats
  A frilled lizard (D:2)
  8 rats
46 creatures vanquished.

Notes
Turn   | Place    | Note
-------+----------+-------------------------------------------
     0 | D:1      | night the Demonspawn Monk began the quest for the Orb.
     0 | D:1      | Reached XP level 1. HP: 18/18 MP: 1/1
    62 | D:1      | Reached skill level 3 in Unarmed Combat
   116 | D:1      | Gained mutation: You have a pair of small antennae on your
                  | head. [demonic ancestry]
   116 | D:1      | Reached XP level 2. HP: 15/24 MP: 2/2
  1327 | D:1      | Gained mutation: You sometimes gain a little power by
                  | taking damage. [demonic ancestry]
  1327 | D:1      | Reached XP level 3. HP: 22/29 MP: 3/3
  1459 | D:2      | Reached skill level 4 in Unarmed Combat
  2326 | D:2      | Slain by a worker ant

Skill      XL: |  1  2  3 |
---------------+----------+-----
Unarmed Combat | 3 4 |  4.4
Fighting       | |  3.0
Dodging        | |  2.6
Stealth        | |  1.7

Action                   || total
-------------------------++-------
Melee: Unarmed           ||   171
       Punch             ||     6
 Stab: Sleeping          ||     4
  Eat: Chunk             ||     4
Armor: Robe              ||    28
Dodge: Dodged            ||   123
